 Dungeon Crawl Stone Soup version 0.29.1-15-g9cfb28693d (webtiles) character file.

Game seed: 3883491313257315873

134327 Hugehornet the Tortoise (level 17, -8/142 HPs)
             Began as a Formicid Fighter on Apr 2, 2023.
             Was a High Priest of Okawaru.
             Mangled by a shock serpent (11 damage)
             ... on level 3 of the Lair of Beasts on Apr 3, 2023.
             The game lasted 01:35:00 (33450 turns).

Hugehornet the Tortoise (Formicid Fighter)         Turns: 33450, Time: 01:35:00

Health: -8/142     AC: 24    Str: 26    XL:     17   Next: 74%
Magic:  32/32      EV: 10    Int: 18    God:    Okawaru [*****.]
Gold:   2186       SH: 20    Dex: 12    Spells: 9/16 levels left

rFire   + + .      SeeInvis +   t - +6 scythe (protect)
rCold   + + .      Faith    .   e - +4 kite shield of the Furrier {+Inv rC- MP+9 Stlth+}
rNeg    + . .      Spirit   .   V - +3 plate armour {rC+}
rPois   +          Reflect  +   (helmet unavailable)
rElec   .          Harm     .   f - scarf {rC+ rF+}
rCorr   .          Rampage  .   u - +0 pair of gloves
Will    +....                   Z - +0 pair of boots "Rarapuh" {rPois}
Stlth   ..........              Y - amulet of reflection
HPRegen 0.33/turn               R - ring of protection from fire
MPRegen 0.23/turn               x - ring of Immorality {rC+ rN+ Int+4}

@: no status effects
A: permanent stasis, dig shafts and tunnels, antennae 3, four strong arms,
strong 1
a: Dig, Shaft Self, Renounce Religion, Evoke Invisibility, Heroism, Finesse,
Duel


You were on level 3 of the Lair of Beasts.
You worshipped Okawaru.
Okawaru was extremely pleased with you.
You visited 5 branches of the dungeon, and saw 24 of its levels.

You collected 2645 gold pieces.
You spent 459 gold pieces at shops.

Inventory:

Hand Weapons
 b - a +2 vampiric trident
 n - a +0 battleaxe
 s - the +7 dagger "Olinwox" {flame, rElec}
   (You took it off a goblin on level 2 of the Dungeon)

   It burns those it strikes, dealing additional fire damage.
   rElec:     It insulates you from electricity.
 t - a +6 scythe of protection (weapon)
 Q - a +2 lajatang of electrocution
 W - a +0 great mace
Armour
 c - a +0 kite shield
 e - the +4 kite shield of the Furrier (worn) {+Inv rC- MP+9 Stlth+}
   (Okawaru gifted it to you on level 12 of the Dungeon)

   rC:        It makes you vulnerable to cold.
   MP:        It affects your magic capacity (+9).
   +Inv:      It lets you turn invisible.
   Stlth:     It makes you more stealthy.
 f - a scarf of resistance (worn)
 u - a +0 pair of gloves (worn)
 E - +0 fire dragon scales
 V - a +3 plate armour of cold resistance (worn)
 Z - the +0 pair of boots "Rarapuh" (worn) {rPois}
   (Okawaru gifted it to you on level 1 of the Lair of Beasts)

   rPois:     It protects you from poison.
Jewellery
 j - a ring of ice
 x - the ring of Immorality (right hand) {rC+ rN+ Int+4}
   (You found it on level 4 of the Lair of Beasts)

   [ring of protection from cold]

   Int:       It affects your intelligence (+4).
   rC:        It protects you from cold.
   rN:        It protects you from negative energy.
 F - a +4 ring of evasion
 I - a +4 ring of protection
 K - an amulet of guardian spirit
 L - the amulet "Cihaecwo" {Faith Str+7 Dex+4}
   (You bought it in a shop on level 2 of the Orcish Mines)

   [amulet of faith]

   It allows you to gain divine favour quickly.
   Str:       It affects your strength (+7).
   Dex:       It affects your dexterity (+4).
 M - a ring of protection from cold
 P - a ring of flight
 R - a ring of protection from fire (left hand)
 S - a ring of fire
 Y - an amulet of reflection (around neck)
Wands
 m - a wand of iceblast (10)
 w - a wand of digging (4)
 y - a wand of polymorph (17)
 A - a wand of paralysis (14)
 G - a wand of mindburst (11)
 N - a wand of acid (9)
 U - a wand of flame (68)
Scrolls
 g - 2 scrolls of fog
 i - 2 scrolls of noise {unknown}
 q - 6 scrolls of magic mapping
 v - a scroll of torment {unknown}
 z - a scroll of amnesia {unknown}
 C - 2 scrolls of fear {unknown}
 D - 2 scrolls of summoning {unknown}
 H - 6 scrolls of poison
 O - 3 scrolls of enchant weapon
Potions
 a - 3 potions of curing
 d - 2 potions of might
 k - a potion of brilliance
 o - 5 potions of resistance
 p - 3 potions of magic
 B - 4 potions of invisibility
 J - 2 potions of flight
 X - a potion of cancellation


   Skills:
 - Level 15.0 Fighting
 - Level 4.2 Short Blades
 - Level 16.0 Polearms
 - Level 18.0 Armour
 + Level 7.8 Dodging
 - Level 10.0 Shields
 - Level 8.0 Invocations


You had 9 spell levels left.
You knew the following spells:

 Your Spells              Type           Power      Damage    Failure   Level
a - Dispel Undead         Necr           0%         3d6       100%        4
b - Lesser Beckoning      Tloc           0%         N/A       100%        3

Your spell library contained the following spells:

 Spells                   Type           Power      Damage    Failure   Level
 Necrotise                Necr           0%         1d4       93%         1
 Sting                    Tmut/Pois      0%         1d3       93%         1
 Poisonous Vapours        Pois/Air       0%         N/A       98%         2
 Vampiric Draining        Necr           0%         2d6       100%        3
 Corpse Rot               Necr/Pois/Air  0%         N/A       100%        4
 Hailstorm                Conj/Ice       0%         3d3       100%        4
 Ice Form                 Ice/Tmut       0%         N/A       100%        4
 Olgreb's Toxic Radiance  Pois           0%         N/A       100%        4
 Agony                    Necr           0%         N/A       100%        5
 Iskenderun's Battlesphe  Conj           0%         2d6       100%        5
 Manifold Assault         Tloc           0%         N/A       100%        5
 Iron Shot                Conj/Erth      0%         9d1       100%        6
 Orb of Destruction       Conj           0%         9d5       100%        7
 Blink                    Tloc           Unusable   N/A       N/A         2
 Summon Guardian Golem    Hex/Summ       Unusable   N/A       N/A         3
 Summon Forest            Summ/Tloc      Unusable   N/A       N/A         5
 Summon Mana Viper        Hex/Summ       Unusable   N/A       N/A         5
 Death Channel            Necr           Unusable   N/A       N/A         6
 Simulacrum               Ice/Necr       Unusable   N/A       N/A         6
 Summon Cactus Giant      Summ           Unusable   N/A       N/A         6
 Spellforged Servitor     Conj/Summ      Unusable   N/A       N/A         7

Dungeon Overview and Level Annotations

Branches:
Dungeon (15/15)            Temple (1/1) D:5            Lair (5/5) D:10
  Swamp (0/4) Lair:3        Snake (1/4) Lair:3        Slime (0/5) Lair:4
    Orc (2/2) D:9             Elf (0/3) Orc:2        Vaults (0/5) D:14
 Depths (0/4) D:15

Altars:
Ashenzari
Cheibriados
Dithmenos
Elyvilon
Fedhas
Gozag
Hepliaklqana
Kikubaaqudgha
Makhleb
Nemelex Xobeh
Okawaru
Qazlal
Ru
Sif Muna
Trog
Uskayaw
Vehumet
Wu Jian
Xom
Yredelemnul
Zin
The Shining One
Jiyva

Shops:
Orc:1 [   Orc:2 *=(*

Portals:
Trove: D:11 (give 5 potions of resistance)

Annotations:
Lair:4 2 transporters, gargbit's ghost, journeyman DsHu


Innate Abilities, Weirdness & Mutations

You cannot be hasted, slowed, berserked, paralysed or teleported.
You can dig through walls and to a lower floor.
You have a pair of large antennae on your head. (SInv)
Your four strong arms can wield two-handed weapons with a shield.
Your muscles are strong. (Str +4, Int/Dex -1)


Message History

You closely miss the shock serpent.
The shock serpent is heavily wounded.
You feel sick. The shock serpent closely misses you.
You hit the shock serpent.
The shock serpent is severely wounded.
You block the shock serpent's attack.
You closely miss the shock serpent.
The shock serpent is severely wounded.
You feel sick. You block the shock serpent's attack.
You miss the shock serpent.
The shock serpent is severely wounded.
You feel sick.
You are no longer poisoned.
The shock serpent shoots out a bolt of lightning at you!
The bolt of electricity hits you.
* * * LOW HITPOINT WARNING * * *
The bolt of electricity hits you!
* * * LOW HITPOINT WARNING * * *
You block the shock serpent's attack.
You feel much better.
The shock serpent bites you but does no damage.
You block the shock serpent's attack. x2
You see here a black mamba corpse.
You closely miss the shock serpent.
The shock serpent is heavily wounded.
You block the shock serpent's attack.
You barely miss the shock serpent.
The shock serpent is heavily wounded.
You block the shock serpent's attack.
You closely miss the shock serpent.
The shock serpent is heavily wounded.
The shock serpent shoots out a bolt of lightning at you!
The bolt of electricity hits you!!
* * * LOW HITPOINT WARNING * * *
You miss the shock serpent.
The shock serpent is heavily wounded.
The shock serpent bites you!
* * * LOW HITPOINT WARNING * * *
The shock serpent shocks you!
You die...

P.###††#######...### ##......##
........## #....####.......#
....>....# #...###...####..##
P....†..## #....##...# ###..#
........#######...##...# #...##
.......###.##.#...##...#####..#
..........P.#....#.##..#.....##
.....#...........S.##........#
.......#........@>.....##.P..##
##.....###.###..†....######..P#
.##....# ### #......### #P..#
.......## ##..##....# #...##
..#.....# ###...###...# ##...#
.......## #.#...###...# #...##
##......####....##....# ##..##
.........##....####...# #....#
#.......###....# #...## ##..##


You could see a shock serpent.

Vanquished Creatures
  Agnes (D:14)
  Snorg (D:14)
  A fire dragon (Lair:5)
  Josephine (Lair:5)
  The ghost of Discosetron the Thaumaturge, a journeyman DjFE of Makhleb (D:12)
  Erolcha (D:9)
  4 boulder beetles
  7 hydras
  2 ogre magi
  4 centaur warriors
  2 dancing weapons (D:14)
  8 two-headed ogres
  A tengu warrior (D:13)
  4 death yaks (Lair:3)
  A naga sharpshooter (Snake:1)
  The ghost of mefisttt the Thaumaturge, a journeyman DEIE of Sif Muna (D:12)
  A storm dragon zombie (D:15)
  6 skeletal warriors
  A flayed ghost (D:15)
  2 orc knights (Orc:2)
  A lindwurm (Lair:5)
  A sphinx zombie (D:15)
  Pikel (D:4)
  A necromancer (D:15)
  11 ugly things
  8 cyclopes
  An orc sorcerer (Orc:2)
  A deep elf pyromancer (D:13)
  A manticore (D:14)
  16 elephants
  19 black mambas
  2 molten gargoyles (Lair:5)
  A torpor snail (Lair:3)
  10 cane toads
  2 unseen horrors
  4 kobold demonologists
  A yaktaur (D:15)
  A freezing wraith (D:13)
  A komodo dragon (shapeshifter) (D:13)
  17 komodo dragons
  2 efreet
  4 rime drakes
  A polar bear (Lair:5)
  7 trolls
  Prince Ribbit (D:9)
  2 hornets
  3 meliai
  12 blink frogs
  9 slime creatures
  Sigmund (D:3)
  2 shadows
  A centaur simulacrum (D:15)
  7 wyverns
  43 yaks
  A vampire (D:11)
  7 basilisks
  6 wraiths
  3 steam dragons
  Eustachio (D:4)
  8 vampire mosquitoes
  2 chaos spawn (D:10)
  5 wargs
  Menkaure (D:4)
  Duvessa (D:5)
  An acid dragon (shapeshifter) (D:15)
  2 acid dragons
  11 water moccasins
  A glowing shapeshifter zombie (D:15)
  A glowing shapeshifter skeleton (D:15)
  3 hell hounds (Lair:5)
  33 orc warriors
  An ice beast (D:6)
  3 black bears
  12 ogres
  24 centaurs
  17 wolves
  2 phantoms
  8 bullfrogs
  12 kobold brigands
  5 scorpions
  3 gnoll sergeants
  A necrophage (D:7)
  Blork the orc (D:4)
  6 wights
  Dowan (D:5)
  5 killer bees (D:7)
  12 howler monkeys
  6 electric eels
  7 lava snakes
  3 jellies
  12 orc priests
  9 hounds
  Crazy Yiuf (D:3)
  A gnoll bouda (D:5)
  16 orc wizards
  Terence (D:3)
  3 iguanas
  6 ogre zombies (D:9)
  22 gnolls
  7 adders
  A shadow imp (D:5)
  A white imp (D:7)
  2 ufetubi
  3 worms
  5 dart slugs
  82 orcs
  8 endoplasms
  2 giant cockroaches (D:4)
  10 goblins
  9 hobgoblins
  2 jackals (D:2)
  A quokka (D:2)
  8 ball pythons
  4 bats
  2 frilled lizards
  A goblin skeleton (D:9)
  3 goblin zombies (D:9)
  2 hobgoblin skeletons (D:9)
  A hobgoblin zombie (D:9)
  33 kobolds
  An orc skeleton (D:9)
  11 orc zombies (D:9)
  9 rats
740 creatures vanquished.

Vanquished Creatures (others)
  A tengu warrior (D:15)
  A deep elf pyromancer (D:15)
  Psyche (D:12)
  A wight (D:8)
  15 fungi
  69 plants
  5 withered plants (D:15)
93 creatures vanquished.

Grand Total: 833 creatures vanquished

Notes
Turn   | Place    | Note
-------+----------+-------------------------------------------
     0 | D:1      | Hugehornet the Formicid Fighter began the quest for the
                  | Orb.
     0 | D:1      | Reached XP level 1. HP: 18/18 MP: 1/1
   181 | D:1      | Reached XP level 2. HP: 24/24 MP: 2/2
   521 | D:1      | Reached XP level 3. HP: 29/29 MP: 3/3
   708 | D:1      | Found a faded altar of an unknown god.
  1153 | D:2      | Reached XP level 4. HP: 28/35 MP: 4/4
  1446 | D:2      | Identified the +7 dagger "Olinwox" {flame, rElec}
  2013 | D:3      | Reached XP level 5. HP: 41/41 MP: 5/5
  2028 | D:3      | Found a blossoming altar of Fedhas.
  2034 | D:3      | Found an opulent altar of Gozag.
  2372 | D:3      | Found a runed translucent door.
  2373 | D:3      | Noticed Crazy Yiuf
  2433 | D:3      | Reached skill level 1 in Short Blades
  2460 | D:3      | Noticed Terence
  2460 | D:3      | Noticed Sigmund
  2472 | D:3      | Killed Sigmund
  2473 | D:3      | Reached XP level 6. HP: 29/47 MP: 6/6
  2475 | D:3      | Killed Terence
  2706 | D:3      | Found a glowing silver altar of Zin.
  2876 | D:3      | Found a broken altar of Ashenzari.
  3124 | D:3      | Killed Crazy Yiuf
  3125 | D:3      | Reached skill level 5 in Polearms
  3223 | D:4      | Reached XP level 7. HP: 52/52 MP: 7/7
  3261 | D:4      | Noticed Menkaure
  3287 | D:4      | Killed Menkaure
  3715 | D:4      | Found a burning altar of Makhleb.
  3765 | D:4      | Found a white marble altar of Elyvilon.
  3812 | D:4      | Noticed Eustachio
  3836 | D:4      | Reached XP level 8. HP: 54/58 MP: 8/8
  3870 | D:4      | Noticed Pikel
  3886 | D:4      | Killed Pikel
  4021 | D:4      | Killed Eustachio
  4484 | D:4      | Reached XP level 9. HP: 63/64 MP: 9/9
  4668 | D:4      | Noticed Blork the orc
  4673 | D:4      | Killed Blork the orc
  4674 | D:4      | Reached skill level 10 in Polearms
  4909 | D:5      | Entered Level 5 of the Dungeon
  5059 | D:5      | Reached skill level 4 in Armour
  5219 | D:5      | Noticed a troll
  5225 | D:5      | Killed a troll
  5226 | D:5      | Reached skill level 5 in Armour
  5283 | D:5      | Noticed Duvessa
  5283 | D:5      | Noticed Dowan
  5299 | D:5      | Killed Duvessa
  5300 | D:5      | Reached skill level 6 in Armour
  5551 | D:5      | Killed Dowan
  5818 | D:5      | Reached skill level 7 in Armour
  5867 | D:5      | Found a staircase to the Ecumenical Temple.
  6101 | Temple   | Entered the Ecumenical Temple
  6101 | Temple   | Found a transporter.
  6101 | Temple   | Found a transporter.
  6103 | Temple   | Found a transporter.
  6103 | Temple   | Found a transporter.
  6412 | D:6      | Reached skill level 8 in Armour
  6605 | D:6      | Reached XP level 10. HP: 44/70 MP: 10/10
  6662 | D:6      | Reached skill level 9 in Armour
  7501 | D:7      | Reached skill level 10 in Armour
  7789 | D:7      | Reached skill level 5 in Shields
  8444 | D:7      | Found an iron altar of Okawaru.
  8616 | D:8      | Found a stormy altar of Qazlal.
  9114 | D:8      | Found a sacrificial altar of Ru.
  9204 | D:7      | Became a worshipper of Warmaster Okawaru
  9682 | D:9      | Found a staircase to the Orcish Mines.
  9706 | D:9      | Reached skill level 11 in Armour
  9735 | D:9      | Noticed Prince Ribbit
  9737 | D:9      | Noticed Erolcha
  9747 | D:9      | Reached XP level 11. HP: 68/75 MP: 11/11
  9751 | D:9      | Killed Erolcha
  9751 | D:9      | Reached * piety under Okawaru
  9766 | D:9      | Killed Prince Ribbit
  9902 | D:9      | Found a bloodstained altar of Trog.
 10058 | D:9      | Reached ** piety under Okawaru
 10476 | D:10     | Entered Level 10 of the Dungeon
 10493 | D:10     | Found the +7 mace of Variability {chain chaos}
 10621 | D:10     | Noticed a two-headed ogre
 10630 | D:10     | Found a shimmering altar of Xom.
 10873 | D:10     | Noticed a two-headed ogre
 10886 | D:10     | Killed a two-headed ogre
 10887 | D:10     | Reached skill level 12 in Armour
 10939 | D:10     | Reached *** piety under Okawaru
 11113 | D:10     | Killed a two-headed ogre
 11285 | D:10     | Found a snail-covered altar of Cheibriados.
 11296 | D:10     | Reached **** piety under Okawaru
 11362 | D:10     | Received a gift from Okawaru
 11368 | D:10     | Reached XP level 12. HP: 74/81 MP: 12/12
 11813 | D:10     | Found a staircase to the Lair.
 11831 | D:10     | Noticed a two-headed ogre
 11845 | D:10     | Killed a two-headed ogre
 12037 | D:11     | Noticed a two-headed ogre
 12042 | D:11     | Killed a two-headed ogre
 12043 | D:11     | Reached skill level 13 in Armour
 12399 | D:11     | Reached ***** piety under Okawaru
 12627 | D:11     | Noticed a skeletal warrior
 12643 | D:11     | Killed a skeletal warrior
 12745 | D:11     | Noticed a skeletal warrior
 12796 | D:11     | Killed a skeletal warrior
 12797 | D:11     | Reached skill level 15 in Polearms
 12922 | D:11     | Found an ornate altar of the Wu Jian Council.
 12979 | D:11     | Noticed a skeletal warrior
 13415 | D:11     | Killed a skeletal warrior
 13601 | D:11     | Noticed a skeletal warrior
 13620 | D:11     | Killed a skeletal warrior
 13789 | D:11     | Noticed a boulder beetle
 13820 | D:11     | Killed a boulder beetle
 14059 | D:11     | Found a portal to a secret trove of treasure.
 14165 | Lair:1   | Entered Level 1 of the Lair of Beasts
 14275 | Lair:1   | Reached skill level 1 in Invocations
 14425 | Lair:1   | Identified the +0 pair of boots "Rarapuh" {rPois} (Okawaru
                  | gifted it to you on level 1 of the Lair of Beasts)
 14425 | Lair:1   | Received a gift from Okawaru
 14426 | Lair:1   | Reached XP level 13. HP: 65/86 MP: 14/14
 15536 | Lair:2   | Reached skill level 14 in Armour
 15644 | Lair:2   | Noticed an eight-headed hydra
 15671 | Lair:2   | Killed an eight-headed hydra
 15725 | Lair:2   | Reached skill level 5 in Invocations
 16538 | Lair:2   | Reached skill level 15 in Armour
 16538 | Lair:2   | Reached XP level 14. HP: 96/96 MP: 17/19
 16539 | Lair:2   | Reached XP level 15. HP: 106/106 MP: 17/20
 17265 | Lair:3   | Reached skill level 16 in Armour
 17727 | Lair:3   | Found a staircase to the Snake Pit.
 18111 | Lair:3   | Found a staircase to the Swamp.
 18211 | Lair:3   | Received a gift from Okawaru
 19026 | Lair:3   | Reached skill level 17 in Armour
 19163 | Lair:4   | Found a transporter.
 19202 | Lair:4   | Identified the ring of Immorality {rC+ rN+ Int+4}
 19357 | Lair:4   | Found a viscous altar of Jiyva.
 19357 | Lair:4   | Found a staircase to the Slime Pits.
 19413 | Lair:4   | Reached ****** piety under Okawaru
 19734 | Lair:4   | Reached XP level 16. HP: 104/115 MP: 22/22
 19941 | Lair:4   | Noticed gargbit's ghost (journeyman DsHu)
 19956 | Lair:4   | Found a bloodstained altar of Trog.
 19961 | Lair:4   | Found a transporter.
 20443 | Lair:5   | Entered Level 5 of the Lair of Beasts
 20503 | Lair:5   | Reached skill level 5 in Dodging
 21101 | Lair:5   | Noticed Josephine
 21200 | Lair:5   | Killed Josephine
 22294 | Lair:5   | Reached skill level 18 in Armour
 22560 | Lair:5   | Found a large runed translucent door.
 22633 | Lair:5   | Reached skill level 10 in Shields
 22828 | Lair:5   | Found a large runed translucent door.
 24663 | D:12     | Noticed Psyche
 24665 | D:12     | Reached skill level 10 in Fighting
 24672 | D:12     | Killed Psyche
 24732 | D:12     | Identified the +4 kite shield of the Furrier {+Inv rC- MP+9
                  | Stlth+} (Okawaru gifted it to you on level 12 of the
                  | Dungeon)
 24732 | D:12     | Received a gift from Okawaru
 24911 | D:12     | Gained mutation: Your muscles are strong. (Str +4, Int/Dex
                  | -1) [potion of mutation]
 25449 | D:12     | Found a runed translucent gate.
 25449 | D:12     | Found a runed translucent gate.
 25449 | D:12     | Found a runed translucent gate.
 25689 | D:12     | Noticed Discosetron's ghost (journeyman DjFE)
 25689 | D:12     | Noticed mefisttt's ghost (journeyman DEIE)
 25833 | D:12     | Killed Discosetron's ghost
 25840 | D:12     | Killed mefisttt's ghost
 27119 | D:13     | Learned a level 4 spell: Dispel Undead
 27123 | D:13     | Learned a level 3 spell: Lesser Beckoning
 27507 | D:13     | Reached XP level 17. HP: 100/135 MP: 23/23
 28429 | D:14     | Identified the +3 scale mail "Ceverr" {rF- Will++ rCorr
                  | SInv}
 28433 | D:14     | Noticed Agnes
 28449 | D:14     | Killed Agnes
 28678 | D:14     | Found a gate to the Vaults.
 28810 | D:14     | Noticed Snorg
 28819 | D:14     | Killed Snorg
 29040 | D:15     | Entered Level 15 of the Dungeon
 29073 | D:15     | Found a staircase to the Depths.
 30226 | D:14     | Reached skill level 15 in Fighting
 30470 | D:15     | Identified the +8 scale mail of Naaggautepa {rC+} (Okawaru
                  | gifted it to you on level 15 of the Dungeon)
 30470 | D:15     | Received a gift from Okawaru
 31209 | Orc:1    | Entered Level 1 of the Orcish Mines
 31231 | Orc:1    | Found Volen's Armour Shop.
 31532 | Orc:2    | Entered Level 2 of the Orcish Mines
 32320 | Orc:2    | Found a staircase to the Elven Halls.
 32649 | Orc:2    | Found Ogytz's Antique Weapon Emporium.
 32649 | Orc:2    | Found Dijiad's Jewellery Boutique.
 32651 | Orc:2    | Found Imuyclow's Assorted Antiques.
 32653 | Orc:2    | Found Foczeice's Assorted Antiques.
 32660 | Orc:2    | Bought a coiled golden amulet for 135 gold pieces
 32660 | Orc:2    | Identified the amulet "Cihaecwo" {Faith Str+7 Dex+4} (You
                  | bought it in a shop on level 2 of the Orcish Mines)
 32665 | Orc:2    | Bought a scroll of identify for 54 gold pieces
 32665 | Orc:2    | Bought a potion of might for 108 gold pieces
 32665 | Orc:2    | Bought a scroll of identify for 54 gold pieces
 32670 | Orc:2    | Bought a potion of curing for 81 gold pieces
 32670 | Orc:2    | Bought a scroll labelled GANOAR VYAF for 27 gold pieces
 33423 | Snake:1  | Entered Level 1 of the Snake Pit
 33450 | Lair:3   | HP: 3/142 [shock serpent (10)]
 33450 | Lair:3   | Mangled by a shock serpent

Illustrated notes

Levels and vault maps discovered:
D:1:      dpeg_arrival_tiny_g, layout_rooms, shapermc_ecumenical_altar_pompeii,
          serial_co_window_serial, co_window_of_opportunity_a,
          co_window_corner_a, co_window_of_opportunity_a,
          co_window_of_opportunity_a, co_window_corner_a, co_window_2corner,
          co_window_corner_cb, co_window_paths_c, glass_columns_a,
          glass_columns_b, glass_columns_a, glass_columns_b, glass_columns_a,
          minmay_rat_gold_closets
D:2:      layout_loops_ring
D:3:      layout_rooms, nicolae_gozag_cash_rules_everything_around_me,
          marbit_many_paths, mainiacjoe_overflow_concentric_impassable,
          nicolae_ashenzari_panopticon, corexii_leaking_fountain, hex_large,
          uniq_terence, uniq_crazy_yiuf_cottage, uniq_sigmund
D:4:      minmay_chambers_of_threes, layout_loops_corners,
          nicolae_elyvilon_temple_path, makhleb_blood_cavern_becter,
          wad_rectangle_vault, uniq_pikel, uniq_menkaure, uniq_eustachio,
          uniq_blork_the_orc
D:5:      layout_loops_ring, minmay_temple_entry_poolview, grunt_tough_drop,
          uniq_duvessa
D:6:      layout_gridville
D:7:      layout_basic, nicolae_overflow_hidden_temple
D:8:      layout_layer_cave, grunt_qazlal_sundering,
          mainiacjoe_overflow_catwalk, minmay_tree_intersection
D:9:      layout_roguey, trog_ov_bears_minmay, zombieorc1_lemuel, uniq_erolcha,
          uniq_prince_ribbit1
D:10:     layout_roguey, mainiacjoe_overflow_six_doors_small,
          erik_lair_orcish_takeover, minmay_guarded_unrand_variability
D:11:     layout_rooms, nicolae_trove_entry_crystal, nzn_wu_jian_council_hall
D:12:     layout_rooms, gammafunk_ghost_cemetery, blue_anna_alchemist,
          uniq_psyche
D:13:     layout_gridville
D:14:     layout_gridville, erik_vaults_1, uniq_agnes, uniq_snorg
D:15:     gammafunk_depths_entry_grave, layout_cave_pods, nrook_mini_vaults
Temple:   hellmonk_temple_divided_pantheon
Lair:1:   layout_hall_layers, grunt_megastairs_2
Lair:2:   layout_regular_city, nicolae_lair_liquid_snakes
Lair:3:   layout_long_grid, minmay_swamp_entry_swarm,
          minmay_snake_entry_six_corridors, minivault_25,
          cheibrodos_lair_reptile_den, serial_bayou_shore_b
Lair:4:   layout_cave_pods, minmay_slime_entry_pillars,
          gammafunk_ghost_wrathful_warriors
Lair:5:   cheibrodos_lair_end_hotspot, layout_cave_pods, serial_bayou,
          serial_bayou_ford_a, serial_bayou_crossing, serial_bayou_pond_c,
          serial_bayou_shore_a, serial_bayou_pond_d, uniq_josephine
Snake:1:  layout_gridlike, serial_shops, nicolae_diamond_shop
Orc:1:    layout_caves, serial_shops, shop, minmay_orc_temple_b
Orc:2:    st_orc_rangers, layout_diamond_mine

Skill      XL: |  1  2  3  4  5  6  7  8  9 10 11 12 13 14 15 16 17 |
---------------+----------------------------------------------------+-----
Polearms       | 3 4 5 7 9 10 11 13 15 16 | 16.0
Short Blades   | 4 |  4.2
Armour         | 8 11 12 13 15 17 18 | 18.0
Shields        | 5 7 8 10 | 10.0
Invocations    | 1 6 8 |  8.0
Fighting       | 4 6 7 12 15 | 15.0
Dodging        | 2 3 4 5 7 |  7.8

Action                   |  1- 3 |  4- 6 |  7- 9 | 10-12 | 13-15 | 16-18 || total
-------------------------+-------+-------+-------+-------+-------+-------++-------
Melee: Trident           |    91 |   100 |       |       |   118 |   115 ||   424
       Dagger            |       |    20 |       |       |       |       ||    20
       Halberd           |       |    10 |   339 |   735 |   548 |  1262 ||  2894
Invok: Heroism           |       |       |       |     2 |     1 |     6 ||     9
       Finesse           |       |       |       |       |       |     1 ||     1
 Abil: Dig               |       |     3 |       |       |     2 |     2 ||     7
  Use: Potion            |       |       |     3 |     3 |     2 |     3 ||    11
       Scroll            |       |       |       |    12 |     1 |     9 ||    22
 Stab: Distracted        |       |       |     1 |     1 |       |       ||     2
Armor: Scale mail        |    20 |    28 |       |       |       |    43 ||    91
       Chain mail        |       |    29 |   197 |   220 |       |       ||   446
       Skin              |       |       |    10 |       |       |       ||    10
       Plate armour      |       |       |       |    17 |   267 |   482 ||   766
Dodge: Dodged            |    21 |    39 |   127 |   251 |   276 |   333 ||  1047
       Repelled          |       |       |       |     1 |       |       ||     1
Block: Buckler           |    16 |    32 |    94 |   126 |   138 |   119 ||   525
       Kite shield       |       |       |       |       |       |   664 ||   664
       Reflection        |       |       |       |       |       |   128 ||   128
